 Dungeon Crawl Stone Soup version 0.30-a0-218-gedb9141078 (webtiles) character file.

Game seed: 9777110948085921914

519 jlumianski the Chopper (level 7, -10/52 HPs)
             Began as a Demonspawn Gladiator on Oct 6, 2022.
             Mangled by a hornet (13 damage)
             ... on level 7 of the Dungeon.
             The game lasted 00:13:20 (3843 turns).

jlumianski the Chopper (Demonspawn Gladiator)       Turns: 3843, Time: 00:13:20

Health: -10/52     AC: 13    Str: 23    XL:     7   Next: 1%
Magic:  7/7        EV:  7    Int:  9    God:
Gold:   261        SH:  0    Dex: 14    Spells: 6/6 levels left

rFire   . . .      SeeInvis .    a - +0 war axe
rCold   . . .      Faith    .    t - +0 kite shield
rNeg    . . .      Spirit   .    i - +0 chain mail
rPois   .          Reflect  +    c - +0 helmet
rElec   .          Harm     .    (no cloak)
rCorr   .          Rampage  .    g - +0 pair of gloves
Will    .....                    (no boots)
Stlth   ..........               h - amulet of reflection
HPRegen 0.28/turn                r - +6 ring of strength
MPRegen 0.20/turn                (no ring)

@: confused, lethally poisoned (-10 -> -22), ambrosia-drunk, slowed, very slow
A: molten scales 1, ignite blood 1, magic regeneration
a: no special abilities


You were on level 7 of the Dungeon.
You visited 1 branch of the dungeon, and saw 7 of its levels.

You collected 261 gold pieces.

Inventory:

Hand Weapons
 a - a +0 war axe (weapon)
 w - a +2 whip of flaming
 y - a +0 spear of freezing
Missiles
 d - a throwing net (quivered)
 e - 5 javelins
 u - 7 poisoned darts
 x - 2 boomerangs
Armour
 b - a +0 leather armour
 c - a +0 helmet (worn)
 g - a +0 pair of gloves (worn)
 i - a +0 chain mail (worn)
 t - a +0 kite shield (worn)
Magical Staves
 f - a staff of conjuration
Jewellery
 h - an amulet of reflection (around neck)
 r - a +6 ring of strength (left hand)
Scrolls
 k - a scroll of magic mapping
 m - 2 scrolls of immolation
 p - 3 scrolls of teleportation
 s - a scroll of poison
Potions
 l - a potion of brilliance
 o - a potion of attraction
 q - a potion of degeneration {unknown}
 v - a potion of invisibility {unknown}


   Skills:
 + Level 3.1 Fighting
 + Level 5.4 Axes
 + Level 1.9 Throwing
 + Level 2.8 Armour
 + Level 3.2 Dodging
 + Level 0.2 Stealth
 + Level 1.5 Shields


You had 6 spell levels left.
You didn't know any spells.
Your spell library contained the following spells:

 Spells                   Type           Power      Damage    Failure   Level
 Apportation              Tloc           0%         N/A       100%        1
 Necrotise                Necr           0%         1d4       100%        1
 Slow                     Hex            0%         N/A       100%        1
 Summon Small Mammal      Summ           0%         N/A       100%        1
 Confusing Touch          Hex            0%         N/A       100%        3
 Vampiric Draining        Necr           0%         2d6       100%        3
 Anguish                  Hex/Necr       0%         N/A       100%        4
 Enfeeble                 Hex            0%         N/A       100%        7


Dungeon Overview and Level Annotations

Branches:
Dungeon (7/15)
 Temple: D:4-7

Altars:
Ashenzari
Sif Muna
Vehumet

Annotations:
D:4 1 runed translucent door, Crazy Yiuf


Innate Abilities, Weirdness & Mutations

You are partially covered in molten scales. (AC +2)
Your demonic aura sometimes causes spilled blood to erupt in flames.
You regenerate magic rapidly.


Message History

The hornet is heavily wounded.
You feel yourself speed up.
The hornet struggles against the net. x3
You closely miss the hornet.
The hornet is heavily wounded.
The hornet struggles against the net.
The net rips apart, and the hornet comes free!
You block the hornet's attack.
You miss the hornet.
The hornet is heavily wounded.
The hornet barely misses you. You block the hornet's attack.
You hit the hornet but do no damage.
The hornet is heavily wounded.
The hornet stings you!
* * * LOW HITPOINT WARNING * * *
You feel yourself slow down.
The hornet stings you but does no damage.
You hit the hornet but do no damage.
The hornet is heavily wounded.
You feel yourself speed up.
You block the hornet's attack. x2; The hornet stings you.
* * * LOW HITPOINT WARNING * * *
You feel yourself slow down.
You feel better.
The hornet stings you but does no damage. x2
The hornet closely misses you.
You are confused.
You feel invigorated.
You hear the slow hiss of a very distant avalanche of sand.
You feel yourself speed up. The hornet stings you!
You are poisoned.
You feel yourself slow down. The hornet stings you!
* * * LOW HITPOINT WARNING * * *
You are more poisoned.
You feel as though you will be slow longer.
* * * LOW HITPOINT WARNING * * *
You feel extremely sick. The hornet completely misses you.
The hornet stings you!
You die...

,*,****#..,#,#....###...,,,,,*
**,,,,,....#,#..........,***,*
,,,,**.......##.........,,,,,*
,,,,>,..................,*****
,,,,,,,,*...###.........,*
,,,,,,,,,.,,#...........,*
,,,,*,,,*...#.#...##....,*
*,,,*,,,,............#.#*******
*,,,**,,*...#.#.@.......,**,,,*
>,,,,,,,,..#..#○y###.#..,,,<,,*
,,*,**,,*..#.,#.##**.#,#,**,,,*
,,*,,,,,,,,..,..,,,,,#,*,******
,,*,**,,*,##,.#.,,,,,,,,,********
,,,,,,,,*,**..#.*****,,,,*,,,,,,,
,<*,**,,,,,..,..,,,**,,,,*,,,,,,,
,,*,,,,,*,##.,#.**,**,,,,*,***,,,
,,,,,,,,,,,,,,,,,,,**,,,,*,* *,**


You could see a hornet.

Vanquished Creatures
  A water moccasin (D:7)
  A centaur (D:4)
  A wight (D:6)
  A centaur zombie (D:7)
  2 hounds
  Jessica (D:2)
  An orc wizard (D:6)
  A howler monkey zombie (D:7)
  4 adders
  A worm (D:2)
  2 dart slugs
  5 orcs
  8 bats
  4 endoplasms
  4 giant cockroaches (D:1)
  10 goblins
  8 hobgoblins
  10 kobolds
  4 quokkas
  8 ball pythons
  6 frilled lizards
  3 rats
86 creatures vanquished.

Vanquished Creatures (others)
  3 fungi (D:4)
  7 toadstools (D:6)
10 creatures vanquished.

Grand Total: 96 creatures vanquished

Notes
Turn   | Place    | Note
-------+----------+-------------------------------------------
     0 | D:1      | jlumianski the Demonspawn Gladiator began the quest for the
                  | Orb.
     0 | D:1      | Reached XP level 1. HP: 16/16 MP: 1/1
   155 | D:1      | Reached skill level 3 in Axes
   224 | D:1      | Gained mutation: Your demonic aura sometimes causes spilled
                  | blood to erupt in flames. [demonic ancestry]
   224 | D:1      | Reached XP level 2. HP: 22/22 MP: 2/2
   551 | D:1      | Found a faded altar of an unknown god.
   852 | D:1      | Gained mutation: You regenerate magic rapidly. [demonic
                  | ancestry]
   852 | D:1      | Reached XP level 3. HP: 24/27 MP: 3/3
  1226 | D:3      | Found a radiant altar of Vehumet.
  1408 | D:2      | Reached XP level 4. HP: 29/34 MP: 4/4
  1426 | D:2      | Noticed Jessica
  1432 | D:2      | Killed Jessica
  1433 | D:2      | Reached skill level 4 in Axes
  1433 | D:2      | Reached skill level 1 in Armour
  2314 | D:3      | Reached XP level 5. HP: 34/39 MP: 5/5
  2910 | D:3      | Found a broken altar of Ashenzari.
  2921 | D:3      | Found a shimmering blue altar of Sif Muna.
  3264 | D:4      | Found a runed translucent door.
  3265 | D:4      | Noticed Crazy Yiuf
  3552 | D:5      | Entered Level 5 of the Dungeon
  3675 | D:4      | Noticed a centaur
  3679 | D:4      | Killed a centaur
  3680 | D:4      | Gained mutation: You are partially covered in molten
                  | scales. (AC +2) [demonic ancestry]
  3680 | D:4      | Reached XP level 6. HP: 41/46 MP: 6/6
  3734 | D:7      | Reached skill level 5 in Axes
  3734 | D:7      | Reached skill level 1 in Shields
  3810 | D:7      | Noticed a water moccasin
  3817 | D:7      | Killed a water moccasin
  3818 | D:7      | Reached XP level 7. HP: 44/52 MP: 7/7
  3823 | D:7      | Noticed a hornet
  3843 | D:7      | Mangled by a hornet

Illustrated notes

Levels and vault maps discovered:
D:1:      lightli_arrival_lavapool, layout_basic,
          hellmonk_ecumenical_altar_blasted
D:2:      layout_basic, uniq_jessica
D:3:      layout_loops_corners, fiery_altar_vehumet,
          mainiacjoe_overflow_large_starburst, gup_sewer_entry_glass,
          minmay_bisected
D:4:      layout_loops_corners, mainiacjoe_overflow_big_doors,
          minmay_misc_feat_x, uniq_crazy_yiuf_cottage
D:5:      layout_basic, mainiacjoe_overflow_alcove_1, lemuel_crystal_altar,
          uniq_grinder
D:6:      cheibrodos_fertilizer, layout_basic, zin_statuary,
          nzn_wu_jian_contemplation, minmay_temple_entry_glassed_door,
          minmay_misc_feat_nine_boxes
D:7:      layout_basic, enter_ossuary_2, serial_undead, serial_undead_a,
          serial_undead_a, serial_undead_a, serial_undead_c

Skill      XL: |  1  2  3  4  5  6 |
---------------+-------------------+-----
Axes           | 3 4 5 |  5.4
Armour         | 1 2 |  2.8
Dodging        | 3 |  3.2
Shields        | 1 |  1.5
Fighting       | 3 |  3.1
Throwing       | |  1.9
Stealth        | |  0.2

Action                   |  1- 3 |  4- 6 |  7- 9 || total
-------------------------+-------+-------+-------++-------
Melee: War axe           |   151 |   146 |    13 ||   310
       Punch             |     1 |       |       ||     1
Throw: Javelin           |     2 |     2 |       ||     4
       Throwing net      |       |       |     2 ||     2
  Use: Scroll            |     4 |     6 |       ||    10
       Potion            |       |       |     2 ||     2
Armor: Chain mail        |    92 |    92 |    13 ||   197
       Leather armour    |     6 |       |       ||     6
Dodge: Dodged            |    68 |    63 |     4 ||   135
Block: Other             |     4 |    26 |       ||    30
       Reflection        |     1 |     3 |       ||     4
       Kite shield       |       |    46 |    10 ||    56

Table legend: (Time is in decaauts)
 A = Elapsed time spent in this place.
 B = Non-inter-level travel time spent in this place.
 C = Inter-level travel time spent in this place.
 D = Time resting spent in this place.
 E = Time spent auto-exploring this place.
 F = Levels seen in this place.
 G = Mean time per level.
                   A        B        C        D        E       F      G
               +--------+--------+--------+--------+--------+-----+--------+
         Total |   3964 |   3865 |     99 |      0 |   2138 |   7 |  566.3 |
       Dungeon |   3964 |   3865 |     99 |      0 |   2138 |   7 |  566.3 |
               +--------+--------+--------+--------+--------+-----+--------+

Top non-repeatable levels by time:
     D:1: 1260 daAuts
     D:3: 1089 daAuts
     D:2: 883 daAuts
     D:4: 505 daAuts
     D:7: 111 daAuts
     D:6: 62 daAuts
     D:5: 51 daAuts
